 Dungeon Crawl Stone Soup version 0.28.0 (webtiles) character file.

Game seed: 10324054586740008459

20 lonewolfV2 the Skirmisher (level 2, 0/24 HPs)
             Began as a Demonspawn Fighter on Feb 10, 2022.
             Slain by a hobgoblin (4 damage)
             ... on level 1 of the Dungeon.
             The game lasted 00:00:31 (273 turns).

lonewolfV2 the Skirmisher (Demonspawn Fighter)       Turns: 273, Time: 00:00:31

Health: 0/24       AC:  6    Str: 16    XL:     2   Next: 58%
Magic:  2/2        EV:  8    Int:  9    God:
Gold:   0          SH:  4    Dex: 12    Spells: 1/1 levels left

rFire   . . .      SeeInvis .   a - +0 war axe
rCold   . . .      Faith    .   c - +0 buckler
rNeg    . . .      Spirit   .   b - +0 scale mail
rPois   .          Reflect  .   (no helmet)
rElec   .          Harm     .   (no cloak)
rCorr   .          Rampage  .   (no gloves)
Will    .....                   (no boots)
Stlth   ..........              (no amulet)
HPRegen 0.08/turn               (no ring)
MPRegen 0.16/turn               (no ring)

@: no status effects
A: magic regeneration
a: no special abilities


You were on level 1 of the Dungeon.
You visited 1 branch of the dungeon, and saw 1 of its levels.

Inventory:

Hand Weapons
 a - a +0 war axe (weapon)
Armour
 b - a +0 scale mail (worn)
 c - a +0 buckler (worn)
Scrolls
 f - a scroll of summoning {unknown}
Potions
 d - a potion of might
 e - a potion of heal wounds {unknown}


   Skills:
 + Level 3.1 Fighting
 + Level 2.0 Axes
 + Level 3.1 Armour
 + Level 2.9 Shields


You had one spell level left.
You didn't know any spells.
Your spell library was empty.

Dungeon Overview and Level Annotations

Branches:
Dungeon (1/15)

Altars:


Innate Abilities, Weirdness & Mutations

You regenerate magic rapidly.


Message History

An endoplasm is nearby!
An endoplasm is nearby!
The endoplasm quivers.
The endoplasm barely misses you. The endoplasm closely misses you.
You hit the endoplasm.
The endoplasm is almost dead.
You slash the dart slug! The endoplasm freezes you.
You are frozen.
* * * LOW HITPOINT WARNING * * *
The endoplasm closely misses you.
You slash the endoplasm!
You kill the endoplasm!
You slash the dart slug!
You kill the dart slug!
Your Axes skill increases to level 2!
You see here a dart slug corpse.
A hobgoblin is nearby!
A hobgoblin is nearby!
A hobgoblin is nearby!
A hobgoblin is nearby!
A hobgoblin is nearby!
Found a dark potion and a scroll labelled NELOUS RUQOTAQ.
The hobgoblin throws a javelin.
The javelin pierces through you.
* * * LOW HITPOINT WARNING * * *
Found three items.
A ball python comes into view.
Found 9 gold pieces and a dagger.
The ball python hisses angrily.
The hobgoblin hits you but does no damage.
You hit the hobgoblin but do no damage. The hobgoblin closely misses you.
The hobgoblin hits you but does no damage.
You hit the hobgoblin.
The hobgoblin is lightly wounded.
You block the hobgoblin's attack.
You barely miss the hobgoblin.
The hobgoblin is lightly wounded.
The hobgoblin hits you.
You die...

...♣. . ... #. ♣.♣
#....##########.######
..............)....##
#.#####†...#.##.#..#
#.......####.#♣.♣#.#
#..##.....# #.##.##..
#@##...###♣#♣.♣#♣.
#gS.##..##.........
..>....#.!!..##.##.♣.♣.♣#♣#
#.....#..?.$..#.##...#.#
#.....##.??).#..####.♣.♣
#..... ##...##.## #...#
#.... ##.## # #.### ...
.##.. #.#### ## #.# ..#
#....#


You could see a hobgoblin and a ball python.

Vanquished Creatures
  2 dart slugs (D:1)
  2 ball pythons (D:1)
  An endoplasm (D:1)
  A giant cockroach (D:1)
  2 goblins (D:1)
  2 hobgoblins (D:1)
  A kobold (D:1)
  4 rats (D:1)
15 creatures vanquished.

Notes
Turn   | Place    | Note
-------+----------+-------------------------------------------
     0 | D:1      | lonewolfV2 the Demonspawn Fighter began the quest for the
                  | Orb.
     0 | D:1      | Reached XP level 1. HP: 18/18 MP: 1/1
   237 | D:1      | Gained mutation: You regenerate magic rapidly. [demonic
                  | ancestry]
   237 | D:1      | Reached XP level 2. HP: 9/24 MP: 2/2
   273 | D:1      | Slain by a hobgoblin

Illustrated notes

Levels and vault maps discovered:
D:1:      tarquinn_simple_flora_water_d, layout_rooms, serial_forest,
          infiniplex_forest_side_room, infiniplex_forest_side_room,
          infiniplex_forest_lined_room_2, infiniplex_forest_end_2,
          infiniplex_forest_lined_4_way, infiniplex_forest_lined_room_2,
          hellmonk_ecumenical_altar_lost_god, st_stairs_1, minmay_heptomino_w4

Skill      XL: |  1  2 |
---------------+-------+-----
Armour         | 3 |  3.1
Axes           | 2 |  2.0
Fighting       | |  3.1
Shields        | |  2.9

Action                   || total
-------------------------++-------
Melee: War axe           ||    37
Armor: Scale mail        ||    14
Dodge: Dodged            ||    22
Block: Buckler           ||    12
